 Dungeon Crawl Stone Soup version 0.27.1-34-g3ba077fa99 (webtiles) character file.

Game seed: 21100138922792919

2468 cbfl8 the Cleaver (level 9, 0/74 HPs)
             Began as a Minotaur Fighter on Jan 17, 2022.
             Was a Follower of Yredelemnul.
             Slain by a manticore (3 damage)
             ... on level 7 of the Dungeon.
             The game lasted 00:19:10 (7452 turns).

cbfl8 the Cleaver (Minotaur Fighter)                Turns: 7452, Time: 00:19:11

Health: 0/74       AC: 11    Str: 22    XL:     9   Next: 26%
Magic:  8/8        EV:  7    Int:  8    God:    Yredelemnul [*.....]
Gold:   314        SH: 17    Dex: 12    Spells: 8/8 levels left

rFire    . . .     SeeInvis +   M - +4 war axe
rCold    . . .     Faith    +   e - +0 tower shield
rNeg     + . .     Spirit   .   b - +1 scale mail
rPois    .         Reflect  .   (helmet restricted)
rElec    .         Harm     .   (no cloak)
rCorr    .         Rampage  .   s - +0 pair of gloves
Will     .....                  A - +0 pair of boots "Sare" {rN+ Dex+3}
Stlth    ..........             C - amulet of faith
HPRegen  0.22/turn              v - ring of see invisible
MPRegen  0.11/turn              (no ring)

@: no status effects
A: horns 2, retaliatory headbutt
a: Renounce Religion, Animate Remains


You were on level 7 of the Dungeon.
You worshipped Yredelemnul.
Yredelemnul was aware of your devotion.
You visited 2 branches of the dungeon, and saw 8 of its levels.

You collected 314 gold pieces.

Inventory:

Hand Weapons
 a - a +1 war axe
 h - a +0 mace of pain
 x - a +0 dagger of venom
 L - a +2 flail
 M - a +4 war axe (weapon)
Armour
 b - a +1 scale mail (worn)
 c - a +0 kite shield
 e - a +0 tower shield (worn)
 f - a +0 ring mail
 j - a +1 leather armour of positive energy
 s - a +0 pair of gloves (worn)
 A - the +0 pair of boots "Sare" (worn) {rN+ Dex+3}
   (You found it on level 5 of the Dungeon)

   Dex:       It affects your dexterity (+3).
   rN:        It protects you from negative energy.
 O - the +0 cloak of Duck's Teeth {Str+3}
   (You found it on level 7 of the Dungeon)

   Str:       It affects your strength (+3).
Magical Staves
 o - a staff of cold
Jewellery
 u - an amulet of reflection
 v - a ring of see invisible (left hand)
 B - a ring of see invisible
 C - an amulet of faith (around neck)
 H - an amulet of the acrobat
 N - a +6 ring of intelligence
Wands
 D - a wand of flame (11) (quivered)
Scrolls
 g - a scroll of amnesia {unknown}
 k - a scroll of fog
 l - 5 scrolls of identify
 r - a scroll of acquirement {unknown}
 w - 2 scrolls of fear
 F - 2 scrolls of holy word {unknown}
 G - a scroll of blinking {unknown}
 I - a scroll of enchant armour
 K - a scroll of magic mapping {unknown}
Potions
 d - 3 potions of might
 i - 2 potions of flight
 m - a potion of mutation {unknown}
 n - a potion of berserk rage {unknown}
 p - a potion of lignification {unknown}
 t - a potion of experience {unknown}
 z - a potion of haste {unknown}
 E - a potion of cancellation {unknown}
 J - a potion of ambrosia {unknown}


   Skills:
 + Level 5.6 Fighting
 + Level 9.6 Axes
 + Level 6.9 Armour
 + Level 2.6 Dodging
 + Level 0.9 Stealth
 + Level 9.3 Shields


You had 8 spell levels left.
You didn't know any spells.
Your spell library contained the following spells:

 Spells                   Type           Power      Damage    Failure   Level
 Freeze                   Ice            0%         1d3       100%        1
 Summon Small Mammal      Summ           0%         N/A       100%        1
 Call Canine Familiar     Summ           0%         N/A       100%        3
 Frozen Ramparts          Ice            0%         1d2       100%        3
 Portal Projectile        Hex/Tloc       0%         N/A       100%        3
 Summon Guardian Golem    Hex/Summ       0%         N/A       100%        3
 Hailstorm                Conj/Ice       0%         3d3       100%        4
 Leda's Liquefaction      Hex/Erth       0%         N/A       100%        4


Dungeon Overview and Level Annotations

Branches:
Dungeon (7/15)             Temple (1/1) D:6

Altars:
Ashenzari
Cheibriados
Dithmenos
Elyvilon
Fedhas
Gozag
Hepliaklqana
Kikubaaqudgha
Makhleb
Nemelex Xobeh
Okawaru
Qazlal
Ru
Sif Muna
Trog
Uskayaw
Vehumet
Wu Jian
Xom
Yredelemnul
Zin
The Shining One

Shops:
D:6 (


Innate Abilities, Weirdness & Mutations

You have a pair of horns on your head.
You reflexively headbutt those who attack you in melee.


Message History

The manticore is lightly wounded.
The manticore flicks its tail.
The volley of spikes hits you!!
The barbed spikes become lodged in your body.
Aiming: Throw Flame
Press: ? - help, Q - select action, (/) - cycle Shift-Dir - straight line, f/p - manticore
Aim: a manticore (lightly wounded, 81% to hit)
The puff of flame hits the manticore.
The manticore is moderately wounded.
Unknown command.
Aiming: Throw Flame
Press: ? - help, Q - select action, (/) - cycle Shift-Dir - straight line, f/p - manticore
Aim: a manticore (moderately wounded, 81% to hit)
The puff of flame hits the manticore.
The manticore is moderately wounded.
Aiming: Throw Flame
Press: ? - help, Q - select action, (/) - cycle Shift-Dir - straight line, p - manticore The puff of flame misses the manticore.
You block the manticore's attack. x2; The manticore claws you!
You closely miss the manticore. You headbutt the manticore!
The manticore is moderately wounded.
You block the manticore's attack. x3
You slash the manticore! Your headbutt misses the manticore.
The manticore is heavily wounded.
The manticore bites you!!
* * * LOW HITPOINT WARNING * * *
The manticore claws you but does no damage.
The manticore claws you!
* * * LOW HITPOINT WARNING * * *
The manticore bites you but does no damage.
The manticore claws you but does no damage.
The manticore claws you.
* * * LOW HITPOINT WARNING * * *
You feel better.
You carefully extract the barbed spikes from your body.
The manticore bites you.
* * * LOW HITPOINT WARNING * * *
You block the manticore's attack. The manticore claws you.
You die...
Your body rises from the dead as a mindless zombie.

#### ≈≈ #..# #≈≈≈ #..#
##≈≈≈# #..# ###≈≈≈≈≈#
#..###≈≈≈≈≈≈≈≈
#..≈≈≈≈≈≈≈≈≈≈≈
#.)).≈≈≈≈≈≈≈≈≈
#)))..≈≈≈≈≈... ..
#....H@..≈.... .
#....##.###### ### .#
####..### ... ..# . (....#
#.## #.#.#
.####..#####(#######.#.#
..................)...>#
.####..H#########>##.#.....
#......# #.##.# ####
###..#'######.##.#


You could see a manticore.

Vanquished Creatures
  Joseph (D:7)
  A sky beast (D:5)
  2 necrophages (D:7)
  An orc warrior (D:7)
  An ogre (D:4)
  2 centaurs
  A kobold brigand (D:7)
  A bullfrog (D:7)
  2 scorpions (D:5)
  A water moccasin zombie (D:5)
  4 water moccasin skeletons
  4 wights (D:7)
  A howler monkey (D:6)
  A bullfrog zombie (D:7)
  2 hounds
  4 jellies
  5 orc priests
  2 bullfrog skeletons
  A centaur skeleton (D:4)
  Jessica (D:2)
  4 orc wizards
  An iguana (D:4)
  Robin (D:4)
  A gnoll (D:7)
  10 adders
  A howler monkey skeleton (D:4)
  A white imp (D:6)
  An adder skeleton (D:4)
  7 dart slugs
  16 orcs
  8 ball pythons
  10 bats
  13 endoplasms
  5 giant cockroaches
  8 hobgoblins
  7 jackals
  4 quokkas
  5 frilled lizards
  21 goblins
  8 kobolds
  4 rats
174 creatures vanquished.

Notes
Turn   | Place    | Note
-------+----------+-------------------------------------------
     0 | D:1      | cbfl8 the Minotaur Fighter began the quest for the Orb.
     0 | D:1      | Reached XP level 1. HP: 19/19 MP: 0/0
   328 | D:1      | Reached XP level 2. HP: 25/27 MP: 1/1
   989 | D:1      | Reached XP level 3. HP: 31/33 MP: 2/2
  1067 | D:1      | Found a faded altar of an unknown god.
  1725 | D:2      | Reached XP level 4. HP: 26/40 MP: 3/3
  1902 | D:2      | Found a broken altar of Ashenzari.
  2002 | D:2      | Noticed Jessica
  2014 | D:2      | Killed Jessica
  2743 | D:3      | Reached XP level 5. HP: 23/46 MP: 4/4
  3315 | D:3      | Noticed a centaur
  3316 | D:3      | Killed a centaur
  3317 | D:3      | Reached skill level 1 in Dodging
  3317 | D:3      | Reached skill level 5 in Shields
  3456 | D:3      | Reached XP level 6. HP: 53/53 MP: 5/5
  3744 | D:4      | Reached skill level 5 in Axes
  4214 | D:4      | Noticed Robin
  4221 | D:4      | Killed Robin
  4324 | D:4      | Reached skill level 5 in Armour
  4375 | D:4      | Reached XP level 7. HP: 47/60 MP: 6/6
  5015 | D:5      | Entered Level 5 of the Dungeon
  5276 | D:5      | Identified the +0 pair of boots "Sare" {rN+ Dex+3}
  5345 | D:5      | Reached XP level 8. HP: 62/67 MP: 7/7
  5596 | D:6      | Reached skill level 5 in Fighting
  5623 | D:6      | Found a staircase to the Ecumenical Temple.
  5635 | Temple   | Entered the Ecumenical Temple
  5652 | Temple   | Became a worshipper of Yredelemnul the Dark
  5918 | D:6      | Found Lyt Poo's Weapon Shoppe.
  6880 | D:7      | Found a hazy altar of Hepliaklqana.
  6888 | D:7      | Found a white marble altar of Elyvilon.
  6888 | D:7      | Found a radiant altar of Vehumet.
  6889 | D:7      | Found a shadowy altar of Dithmenos.
  6895 | D:7      | Reached * piety under Yredelemnul
  6897 | D:7      | Found an ancient bone altar of Kikubaaqudgha.
  6897 | D:7      | Found a sacrificial altar of Ru.
  6898 | D:7      | Found a hide-covered altar of Uskayaw.
  7003 | D:7      | Noticed Joseph
  7025 | D:7      | Killed Joseph
  7026 | D:7      | Reached XP level 9. HP: 29/74 MP: 8/8
  7153 | D:7      | Noticed a manticore
  7361 | D:7      | Identified the +0 cloak of Duck's Teeth {Str+3}
  7451 | D:7      | HP: 1/74 [manticore (5)]
  7452 | D:7      | Slain by a manticore

Illustrated notes

Levels and vault maps discovered:
D:1:      dpeg_arrival_pond, layout_basic,
          shapermc_ecumenical_altar_starsandcircs, hangedman_decor_opposing
D:2:      layout_basic, basic_altar, uniq_jessica
D:3:      layout_loops_cross, minmay_fractal_squares_diagonal_5
D:4:      kennysheep_goblin_castle, layout_basic
D:5:      layout_cave_pools
D:6:      layout_loops_ring, minmay_temple_entry_proselytizer, serial_shops,
          shop, water_maze_lemuel
D:7:      statuecave_lemuel, layout_basic, grunt_temple_overflow_open,
          uniq_joseph
Temple:   regret_index_temple_waves

Skill      XL: |  1  2  3  4  5  6  7  8 |
---------------+-------------------------+-----
Armour         | 4 5 6 |  6.9
Fighting       | 4 5 |  5.6
Axes           | 3 4 6 7 9 |  9.6
Shields        | 4 5 6 7 9 |  9.3
Dodging        | 1 2 |  2.6
Stealth        | |  0.9

Action                   |  1- 3 |  4- 6 |  7- 9 || total
-------------------------+-------+-------+-------++-------
Melee: War axe           |    83 |   162 |   187 ||   432
       Headbutt          |     9 |    19 |    33 ||    61
Evoke: Wand              |       |       |     6 ||     6
  Use: Scroll            |       |     6 |     1 ||     7
       Potion            |       |     3 |     5 ||     8
Armor: Scale mail        |    46 |    73 |    47 ||   166
Dodge: Dodged            |    28 |    45 |    40 ||   113
Block: Kite shield       |    53 |    49 |       ||   102
       Tower shield      |       |   126 |   213 ||   339
       Reflection        |       |    10 |     3 ||    13
